Map: Ruins of Seras

Players

Grumm

  • Race: Terran Terran
  • League: Gold

BillyJoe - Winner!

  • Race: Zerg Zerg
  • League: Silver

VOD

Have the link to the VOD?

Description

Time

  • Played on: Feb. 4, 2016, 5:42 p.m.
  • Length: 33:41
Show
View Real Time Build Order
Export as new Build Order

Grumm Terran 

Build Orders: Liberator Opening 

Get SALT Encoding   

  12  0:01  SCV  
  13  0:13  SCV  
  14  0:21  Supply Depot  
  14  0:25  SCV  
  15  0:29  Refinery  
  15  0:45  Barracks  
  15  0:48  SCV  
  16  1:00  SCV  
  17  1:04  Refinery  
  17  1:12  Supply Depot  
  17  1:15  SCV  
  18  1:33  SCV  
  18  1:39  Factory  
  19  1:44  Reaper  
  20  1:56  SCV  
  21  2:03  Supply Depot  
  21  2:08  SCV  
  22  2:20  SCV  
  23  2:35  Starport  
  23  2:36  Widow Mine  
  24  2:38  SCV  
  24  2:41  Marine  
  26  2:57  SCV  
  26  3:04  Widow Mine  
  28  3:07  Starport  
  28  3:16  Supply Depot  
  28  3:21  Barracks Tech Lab  
  28  3:22  Orbital Command  
  28  3:35  Liberator  
  31  4:02  Banshee  
  34  4:06  Supply Depot  
  34  4:07  SCV  
  34  4:09  Barracks Tech Lab  
  35  4:13  Armory  
  35  4:29  Marine  
  35  4:31  Hellion  
  38  4:36  Cloaking Field  
  38  4:39  Liberator  
  38  4:45  Banshee  
  44  5:09  Command Center  
  44  5:30  Fusion Core  
  44  5:33  SCV  
  44  5:34  Marine  
  46  5:52  Marine  
  47  6:02  SCV  
  48  6:05  Engineering Bay  
  48  6:10  Marine  
  49  6:53  SCV  
  50  6:57  Liberator  
  23  8:12  Liberator  
  23  8:22  Planetary Fortress  
  23  8:24  Orbital Command  
  23  8:26  Missile Turret  
  23  10:01  Viking  
  23  10:02  Marine  
  23  10:06  Hellion  
  28  10:09  SCV  
  28  10:12  SCV  
  30  10:20  Marine  
  31  10:21  SCV  
  31  10:24  SCV  
  31  10:27  Hellion  
  35  10:33  SCV  
  36  10:36  SCV  
  36  10:37  Marine  
  38  10:48  SCV  
  38  10:49  Hellion  
  41  11:00  SCV  
  42  11:10  Hellion  
  41  11:22  SCV x2  
  43  11:27  Refinery  
  43  11:28  Refinery  
  43  11:29  Starport Tech Lab  
  43  11:31  Hellion  
  45  11:33  Starport  
  45  11:34  SCV  
  46  12:28  SCV x2  
  36  12:40  SCV x2  
  29  12:52  SCV x2  
  31  13:04  SCV  
  32  13:13  SCV  
  32  13:18  Supply Depot  
  33  13:20  Supply Depot  
  33  13:25  SCV  
  31  13:30  Command Center  
  31  13:37  SCV  
  32  13:49  SCV  
  33  14:02  SCV  
  40  14:12  Supply Depot  
  29  15:00  Liberator  
  32  15:34  Factory Tech Lab  
  32  15:36  Fusion Core  
  32  15:40  Barracks Reactor  
  32  15:41  Starport  
  32  15:46  Starport  
  32  15:49  Starport  
  32  15:50  Starport  
  32  15:52  Starport  
  32  15:58  Supply Depot  
  32  16:00  Supply Depot, Siege Tank  
  32  16:02  Supply Depot  
  35  16:15  Refinery  
  35  16:17  Refinery  
  35  16:21  Refinery, SCV  
  35  16:22  SCV  
  37  16:25  Starport Tech Lab  
  37  16:27  Starport Tech Lab x2  
  37  16:28  Starport Tech Lab  
  37  16:29  Starport Tech Lab  
  37  16:33  SCV  
  37  16:34  SCV  
  39  16:40  Supply Depot  
  39  16:44  Engineering Bay, SCV  
  39  16:46  SCV  
  41  16:48  Marine  
  46  16:56  SCV  
  46  16:57  Liberator  
  46  16:58  SCV  
  45  17:08  SCV  
  53  17:15  Battlecruiser  
  40  18:18  Barracks  
  39  18:23  Battlecruiser  
  43  18:31  Supply Depot  
  43  18:36  Missile Turret  
  43  18:38  Missile Turret  
  41  19:14  Battlecruiser  
  45  19:29  Factory  
  45  19:38  Supply Depot  
  45  19:41  SCV  
  45  19:42  Barracks Tech Lab  
  45  19:44  Supply Depot  
  46  19:53  SCV  
  46  19:55  Battlecruiser  
  53  20:01  Supply Depot  
  53  20:02  Marine  
  54  20:19  Command Center, Marine  
  55  20:37  Marine  
  56  20:55  Marine  
  57  21:07  Battlecruiser  
  63  21:13  Marine  
  64  22:08  Battlecruiser  
  70  22:16  Planetary Fortress  
  70  22:33  Bunker  
  50  23:45  Weapon Refit  
  27  24:24  SCV  
  22  24:36  SCV  
  22  24:48  SCV  
  23  25:00  SCV  
  23  25:04  SCV  
  25  25:12  SCV  
  26  25:16  Refinery, SCV  
  26  25:20  Refinery  
  27  25:22  Battlecruiser  
  27  25:24  SCV  
  27  25:28  SCV  
  35  25:36  SCV, Barracks  
  35  25:40  SCV  
  37  25:49  SCV  
  38  25:52  SCV  
  39  25:57  Sensor Tower  
  39  26:01  SCV, Barracks  
  40  26:04  SCV  
  41  26:13  SCV  
  41  26:16  SCV  
  43  26:25  SCV  
  44  26:28  SCV  
  45  26:34  Medivac  
  45  26:35  Medivac  
  45  26:37  SCV  
  50  26:41  SCV  
  51  26:49  SCV  
  51  26:53  SCV  
  53  27:07  Missile Turret  
  53  27:17  Marine  
  53  27:18  Marine  
  55  27:35  Marine x2  
  57  27:39  SCV  
  58  27:53  Marine x2  
  60  28:04  Factory  
  60  28:10  Marine  
  60  28:11  Marine  
  62  28:14  Supply Depot  
  62  28:17  Supply Depot  
  62  28:18  Supply Depot  
  62  28:28  SCV  
  62  28:29  Marauder  
  62  28:30  Starport Tech Lab  
  62  28:31  Missile Turret  
  65  28:47  Battlecruiser  
  71  28:51  Marauder  
  73  29:05  Battlecruiser  
  79  29:37  Marauder  
  81  29:58  Marauder  
  83  30:04  Battlecruiser  
  89  30:19  Medivac, Marauder  
  93  31:22  Medivac  
  91  31:43  Battlecruiser  
Show
View Real Time Build Order
Export as new Build Order

BillyJoe Zerg - Winner!

Build Orders: Hatch First 

Get SALT Encoding   

  12  0:01  Drone  
  13  0:13  Overlord  
  13  0:18  Drone  
  14  0:32  Drone x2  
  16  0:35  Drone  
  17  0:46  Drone  
  18  1:00  Hatchery  
  18  1:01  Drone  
  18  1:16  Spawning Pool  
  17  1:19  Extractor  
  17  1:20  Drone  
  17  1:24  Drone  
  18  1:29  Drone  
  19  1:52  Overlord  
  19  2:06  Queen  
  21  2:10  Zergling x2  
  21  2:11  Zergling x2  
  21  2:12  Queen  
  21  2:14  Drone  
  26  2:20  Drone  
  27  2:25  Drone  
  28  2:35  Extractor  
  27  2:37  Drone  
  27  2:39  Drone  
  27  2:40  Drone  
  29  3:02  Roach Warren  
  28  3:10  Drone x3  
  31  3:17  Drone x4  
  31  3:19  Overlord  
  35  3:21  Hatchery  
  34  3:36  Queen  
  34  3:37  Evolution Chamber  
  34  3:41  Evolution Chamber, Zergling x4  
  36  3:43  Roach  
  38  3:58  Roach  
  38  3:59  Roach  
  38  4:02  Drone  
  43  4:03  Overlord  
  43  4:04  Overlord  
  43  4:18  Overlord  
  43  4:20  Overlord x2  
  43  4:22  Ravager  
  43  4:24  Ravager  
  45  4:26  Zerg Missile Weapons Level 1  
  45  4:31  Drone x2  
  47  4:36  Queen  
  49  5:23  Roach x3  
  49  5:24  Roach x2  
  49  5:26  Zerg Ground Armor Level 1  
  59  5:29  Roach x3  
  59  5:30  Drone  
  59  5:31  Drone x3  
  69  5:36  Drone  
  69  5:37  Drone x2  
  72  5:43  Extractor  
  72  5:45  Extractor  
  69  5:56  Roach  
  73  5:57  Roach x3  
  56  6:47  Spore Crawler  
  56  6:50  Spore Crawler  
  43  7:48  Overlord x2  
  43  7:52  Hatchery  
  32  8:14  Zergling x6  
  32  8:15  Zergling x12  
  39  8:24  Spawning Pool  
  30  8:37  Extractor  
  30  8:40  Spore Crawler  
  24  8:42  Spore Crawler  
  24  8:43  Drone x2  
  19  9:12  Zergling x6  
  19  9:13  Spore Crawler  
  20  9:33  Extractor  
  17  10:05  Drone  
  17  10:06  Drone x4  
  22  10:16  Drone  
  23  10:31  Drone  
  23  10:32  Drone  
  22  10:55  Lair  
  22  11:01  Drone x3  
  25  11:04  Drone  
  25  11:22  Roach x2  
  29  11:26  Drone x2  
  31  11:44  Ravager x2  
  31  11:46  Roach x2  
  37  11:47  Roach  
  39  12:16  Roach  
  39  12:17  Roach x4  
  39  12:48  Roach x4  
  39  12:49  Roach  
  39  12:50  Ravager  
  50  13:02  Hydralisk Den  
  49  13:06  Zergling x4  
  51  13:34  Hydralisk x2  
  51  13:41  Hatchery  
  49  15:07  Roach  
  49  15:08  Roach x4  
  49  15:09  Overlord  
  49  15:10  Overlord x2  
  49  15:12  Drone  
  60  15:14  Overlord x2  
  60  15:27  Queen  
  60  15:55  Overseer  
  60  15:58  Zergling x14  
  60  15:59  Zergling x2  
  60  16:02  Drone x2  
  60  16:03  Drone  
  71  16:09  Spore Crawler  
  70  16:12  Overseer  
  70  16:28  Zergling x8  
  74  17:11  Hydralisk  
  74  17:12  Hydralisk x4  
  68  18:30  Overseer x2  
  63  19:24  Roach Warren  
  62  19:25  Zergling x4  
  62  19:26  Zergling x2  
  62  19:30  Spire  
  64  19:47  Drone x6  
  70  19:59  Overseer  
  70  20:01  Overlord  
  70  20:02  Overlord x3  
  70  20:06  Overlord  
  70  20:07  Drone  
  70  20:09  Hatchery  
  70  20:16  Drone x2  
  70  20:20  Drone  
  73  20:21  Drone  
  73  20:25  Ravager x2  
  73  20:26  Ravager  
  73  20:27  Ravager  
  78  20:40  Overseer  
  78  20:49  Corruptor x2  
  82  20:57  Drone  
  82  20:58  Drone x3  
  86  21:16  Corruptor x2  
  91  21:18  Zergling x6  
  93  21:27  Zerg Flyer Weapons Level 1  
  93  21:31  Drone  
  94  21:41  Drone x3, Corruptor  
  99  21:54  Drone x2  
  99  21:55  Drone  
  100  22:07  Drone, Corruptor x3  
  107  22:11  Hydralisk  
  109  22:37  Drone x3  
  110  22:38  Queen  
  110  22:40  Hydralisk  
  110  22:41  Hydralisk  
  110  22:42  Hatchery  
  117  22:46  Drone x2  
  97  23:13  Overlord, Corruptor x2  
  97  23:15  Corruptor x2  
  55  24:46  Spawning Pool  
  48  24:56  Drone  
  48  24:57  Drone x2  
  49  25:00  Roach  
  49  25:01  Roach x7  
  65  25:23  Ravager  
  65  25:24  Ravager  
  65  25:25  Ravager x5  
  65  25:26  Ravager  
  73  25:32  Lair, Hatchery  
  72  25:38  Roach x4  
  80  25:43  Spore Crawler  
  80  25:44  Spore Crawler  
  80  25:45  Drone x5  
  83  25:52  Lair  
  83  26:01  Zergling x8  
  87  26:10  Drone x2  
  89  26:11  Spore Crawler  
  89  26:15  Spore Crawler  
  87  26:58  Hydralisk Den  
  87  27:00  Roach x2, Spire  
  87  27:01  Roach x5  
  95  27:02  Roach x5  
  109  27:10  Drone  
  109  27:11  Drone x5  
  109  27:15  Extractor  
  114  27:18  Extractor  
  113  27:49  Spire x2  
  111  27:52  Hydralisk x4  
  119  28:09  Overlord x3  
  119  28:10  Overlord x2  
  119  28:16  Zerg Flyer Armor Level 1  
  119  28:48  Hatchery  
  118  28:58  Hydralisk x5  
  118  28:59  Hydralisk x7  
  142  29:09  Evolution Chamber  
  141  29:13  Evolution Chamber, Drone x2  
  141  29:14  Drone  
  141  29:17  Queen  
  143  29:20  Overlord  
  143  29:21  Overlord x3  
  143  29:22  Muscular Augments  
  145  29:35  Drone x2  
  147  29:38  Overseer  
  147  29:39  Overseer x2  
  147  29:43  Hydralisk x3  
  147  29:45  Corruptor x3  
  159  29:58  Corruptor x2  
  163  30:07  Extractor  
  163  30:10  Extractor  
  163  30:11  Drone x2  
  163  30:18  Zerg Missile Weapons Level 2  
  163  30:20  Zerg Ground Armor Level 2  
  161  30:39  Spore Crawler  
  161  30:41  Spore Crawler  
  161  30:42  Drone x2  
  158  30:58  Zergling x8  
  158  30:59  Zergling x10  
  150  31:21  Hydralisk x4  
  150  31:23  Zergling x4  
  132  32:19  Corruptor x2  
  132  32:20  Corruptor x4  
Tags
 
Add a new tag
Caveats
  • Supply blocks, unpowered buildings, or Contaminate may cause inaccurate times.
  • Supply counts are checked every 10 seconds.